 Dungeon Crawl Stone Soup version 0.24.1 (webtiles) character file.

Game seed: 9437894351411321973, levelgen mode: deterministic

125 MisterOstroum the Chopper (level 4, 37/37 HPs)
             Began as a Centaur Wanderer on Mar 23, 2020.
             Quit the game on level 1 of the Dungeon.
             The game lasted 00:06:07 (2571 turns).

MisterOstroum the Chopper (Centaur Wanderer)        Turns: 2571, Time: 00:06:08

Health: 37/37      AC:  5    Str: 22    XL:     4   Next: 82%
Magic:  5/5        EV:  8    Int: 13    God:
Gold:   158        SH:  0    Dex:  7    Spells: 5/5 levels left

rFire    . . .     SeeInvis .   j - +0 spear
rCold    . . .     Gourm    .   (no shield)
rNeg     . . .     Faith    .   o - +0 ring mail
rPois    .         Spirit   .   (no helmet)
rElec    .         Reflect  .   (no cloak)
rCorr    .         Harm     .   (no gloves)
MR       .....                  (no barding)
Stlth    ..........             (no amulet)
HPRegen  0.12/turn              d - +5 ring of strength
MPRegen  0.09/turn              w - +2 ring of intelligence

@: very quick
A: large, hooves 3, deformed body, speed 2, tough skin 3
a: no special abilities


You were on level 1 of the Dungeon.
You were not hungry.

You visited 1 branch of the dungeon, and saw 3 of its levels.

You collected 158 gold pieces.

Inventory:

Hand Weapons
 a - a +2 hand axe
 j - a +0 spear (weapon)
Missiles
 g - 11 arrows
 t - 37 bolts
 u - 22 stones (quivered)
Armour
 k - a +0 plate armour
 o - a +0 ring mail (worn)
 v - a +0 cloak
Jewellery
 d - a +5 ring of strength (left hand)
 w - a +2 ring of intelligence (right hand)
Scrolls
 c - 6 scrolls of identify {unknown}
 h - a scroll of fear {unknown}
 i - 5 scrolls of remove curse {unknown}
 p - a scroll of random uselessness {unknown}
 q - a scroll of teleportation {unknown}
 r - 3 scrolls of enchant armour {unknown}
Potions
 b - a potion of curing {@q1 !q}
 l - a potion of mutation {unknown}
 m - a potion of heal wounds {@q2 !q}
 n - 2 potions of degeneration {unknown}
 x - a potion of haste {unknown}
Comestibles
 e - 6 rations


   Skills:
 + Level 2.7 Fighting
 * Level 3.7(4.0) Axes
 + Level 2.1(3.2) Polearms
 + Level 1.1 Armour
 - Level 1.0 Stealth
   Level 1.0 Shields
 - Level 1.0 Spellcasting
   Level 1.0 Transmutations
   Level 1.0 Earth Magic


You had 5 spell levels left.
You didn't know any spells.
Your spell library was empty.

Dungeon Overview and Level Annotations

Branches:
Dungeon (3/15)

Altars:
Cheibriados
Uskayaw

Annotations:
D:2 Sigmund


Innate Abilities, Weirdness & Mutations

You have hooves in place of feet.
Armour fits poorly on your strangely shaped body.
You cover ground very quickly.
You have extremely tough skin. (AC +3)


Message History

The net rips apart, and Sigmund comes free!
The kobold barely misses you.
Attack whom?
Press: ? - help, Dir - move target cursor, f/p - Sigmund
Aim: Sigmund, wielding a +0 scythe and wearing a +0 robe (heavily wounded)
Okay, then.
You see here 2 stones.
Quiver which item? (- for none, * to show all) (? for menu, Esc to quit)
Quivering
y - 7 poisoned darts for throwing.
Throwing (i - inventory. (/) - cycle)
y - 7 poisoned darts (quivered)
Press: ? - help, Shift-Dir - straight line, f/p - Sigmund
Aim: Sigmund, wielding a +0 scythe and wearing a +0 robe (heavily wounded)
You throw a poisoned dart. The poisoned dart hits Sigmund.
Sigmund is heavily wounded.
The kobold barely misses you. Sigmund gestures at you while chanting.
The puff of flame hits you!
The kobold throws a stone.
The stone hits you but does no damage.
You see here a stone.
The kobold throws a stone.
The stone hits you but does no damage.
You see here a stone.
The kobold throws a stone.
The stone hits you but does no damage.
You see here a stone.
Throwing (i - inventory. (/) - cycle)
y - 6 poisoned darts (quivered)
Press: ? - help, Shift-Dir - straight line, f/p - Sigmund
Aim: Sigmund, wielding a +0 scythe and wearing a +0 robe (heavily wounded)
You throw a poisoned dart.
The poisoned dart barely misses Sigmund.
Sigmund gestures at you while chanting. The puff of flame hits you!
There is an escape hatch in the floor here.
Throwing (i - inventory. (/) - cycle)
y - 5 poisoned darts (quivered)
Press: ? - help, Shift-Dir - straight line, f/p - Sigmund
Aim: Sigmund, wielding a +0 scythe and wearing a +0 robe (heavily wounded)
You throw a poisoned dart. The poisoned dart hits Sigmund.
Sigmund is heavily wounded.
Throwing (i - inventory. (/) - cycle)
y - 4 poisoned darts (quivered)
Press: ? - help, Shift-Dir - straight line, f/p - Sigmund
Aim: Sigmund, wielding a +0 scythe and wearing a +0 robe (heavily wounded)
You throw a poisoned dart.
The poisoned dart closely misses Sigmund.
The poisoned dart closely misses the kobold.
Throwing (i - inventory. (/) - cycle)
y - 3 poisoned darts (quivered)
Press: ? - help, Shift-Dir - straight line, f/p - Sigmund
Aim: Sigmund, wielding a +0 scythe and wearing a +0 robe (heavily wounded)
You throw a poisoned dart.
The poisoned dart barely misses Sigmund.
The poisoned dart barely misses the kobold.
Sigmund casts a spell at you. You resist with some effort.
The kobold throws a stone.
The stone barely misses you.
The kobold throws a stone.
The stone hits you but does no damage. Sigmund casts a spell at you.
You are confused.
You bump into the rock wall.
You bump into the rock wall.
Sigmund gestures at you while chanting. You resist with some effort.
Unknown command.
Unknown command.
Sigmund gestures at you while chanting.
You are more confused.
Really quaff
b - 3 potions of curing {@q1 !q}?
You feel better. Sigmund barely misses you.
Throwing (i - inventory. (/) - cycle)
y - 2 poisoned darts (quivered)
Press: ? - help, Shift-Dir - straight line, f/p - Sigmund
Aim: Sigmund, wielding a +0 scythe and wearing a +0 robe (heavily wounded)
You throw a poisoned dart.
The poisoned dart barely misses Sigmund.
Sigmund gestures at you while chanting.
You are confused.
Throwing (i - inventory. (/) - cycle)
y - a poisoned dart (quivered)
Press: ? - help, Shift-Dir - straight line, f/p - Sigmund
Aim: Sigmund, wielding a +0 scythe and wearing a +0 robe (heavily wounded)
You throw a poisoned dart.
Throwing (i - inventory)
u - 23 stones (quivered)
Press: ? - help, Shift-Dir - straight line, f/p - Sigmund
Aim: Sigmund, wielding a +0 scythe and wearing a +0 robe (heavily wounded)
You throw a stone.
Unknown command.
You're too confused!
Unknown command.
Unknown command.
Unknown command.
Unknown command.
Sigmund hits you with a +0 scythe.
Really quaff
b - 2 potions of curing {@q1 !q}?
You feel better.
Sigmund hits you from afar with a +0 scythe!
Things that are here:
a stone; a poisoned dart It was a potion of heal wounds.
You feel much better.
The kobold throws a stone.
The stone barely misses you.
You see here a stone.
Sigmund casts a spell at you. The puff of flame misses you.
There is a stone staircase leading up here.
You climb upwards.
There is a stone staircase leading down here.
Are you sure you want to abandon this character and quit the game? (Confirm with "yes".)

#...# #>#........#.....##.#.[#...
###.###.#.......##......#.##.#...
#.....#####..####[......##..###
#####.#..#.....## #######.##.....
#..........###..# #.÷...###
#...........###)#########.###.##
#.........................# #..##
#.........#............#..# ##÷..
#.........####..@........## #[..
##..........##.........#######...
##...............................
...........>...################..
##..........#### #.. ############
#.. #.. ###


There were no monsters in sight!

Vanquished Creatures
  2 gnolls (D:3)
  6 adders
  A worm (D:2)
  A dart slug (D:2)
  A leopard gecko (D:3)
  An orc (D:3)
  3 bats
  3 giant cockroaches
  A goblin (D:1)
  6 hobgoblins
  3 jackals (D:2)
  6 kobolds
  7 frilled lizards
  9 rats
50 creatures vanquished.

Notes
Turn   | Place    | Note
-------+----------+-------------------------------------------
     0 | D:1      | MisterOstroum the Centaur Wanderer began the quest for the
                  | Orb.
     0 | D:1      | MisterOstroum set off with the following items: a +2 hand
                  | axe, 2 potions of curing, a +0 robe, a ration
     0 | D:1      | Reached XP level 1. HP: 17/17 MP: 2/2
   244 | D:1      | Reached skill level 1 in Polearms
   251 | D:1      | Reached XP level 2. HP: 21/24 MP: 3/3
   505 | D:1      | Reached skill level 3 in Axes
   716 | D:2      | Found a hide-covered altar of Uskayaw.
   865 | D:2      | Reached XP level 3. HP: 29/29 MP: 4/4
  1158 | D:2      | Noticed Sigmund
  1436 | D:2      | Reached XP level 4. HP: 37/37 MP: 5/5
  1625 | D:2      | Found a snail-covered altar of Cheibriados.
  1807 | D:3      | Reached skill level 1 in Armour
  2571 | D:1      | Quit the game

Levels and vault maps discovered:
D:1:      giann_horns, layout_rooms
D:2:      layout_loops_corners, kennysheep_slug_shrine, lemuel_doored_altar,
          first_ration, uniq_sigmund
D:3:      layout_rooms, uniq_terence

Skill      XL: |  1  2  3  4 |
---------------+-------------+-----
Polearms       | 1 2 |  2.1
Axes           | 3 |  3.7
Armour         | 1 |  1.1
Fighting       | |  2.7
Stealth        | |  1.0
Shields        | |  1.0
Spellcasting   | |  1.0
Transmutations | |  1.0
Earth Magic    | |  1.0

Action                   |  1- 3 |  4- 6 || total
-------------------------+-------+-------++-------
Melee: Spear             |   115 |    81 ||   196
       Kick              |    16 |    10 ||    26
       Hand axe          |     2 |       ||     2
Throw: Dart              |       |    11 ||    11
       Stone             |       |     5 ||     5
       Throwing net      |       |     1 ||     1
  Use: Potion            |     2 |     3 ||     5
  Eat: Chunk             |       |     4 ||     4
Armor: Plate armour      |    48 |       ||    48
       Ring mail         |    20 |    27 ||    47
Dodge: Dodged            |    39 |    29 ||    68
